 Dungeon Crawl Stone Soup version 0.28.0 (webtiles) character file.

Game seed: 15470780251626390332

828 Filjor the Cleaver (level 7, -4/61 HPs)
             Began as a Hill Orc Fighter on Feb 12, 2022.
             Slain by a gnoll (7 damage)
             ... on level 4 of the Dungeon on Feb 17, 2022.
             The game lasted 00:20:23 (3198 turns).

Filjor the Cleaver (Hill Orc Fighter)               Turns: 3198, Time: 00:20:23

Health: -4/61      AC: 15    Str: 18 (21) XL:     7   Next: 97%
Magic:  6/8        EV:  5    Int:  7 (8)  God:
Gold:   250        SH:  5    Dex: 10 (12) Spells: 8/8 levels left

rFire   . . .      SeeInvis .   a - +0 war axe
rCold   . . .      Faith    .   c - +0 buckler
rNeg    . . .      Spirit   .   B - +2 plate armour "Zeozev" {Rampage Dex+2}
rPois   .          Reflect  .   (no helmet)
rElec   .          Harm     .   j - +0 cloak
rCorr   .          Rampage  +   (no gloves)
Will    .....                   (no boots)
Stlth   ..........              (no amulet)
HPRegen 0.20/turn               (no ring)
MPRegen 0.11/turn               (no ring)

@: no status effects
A: no striking features
a: no special abilities


You were on level 4 of the Dungeon.
You visited 1 branch of the dungeon, and saw 4 of its levels.

You collected 250 gold pieces.

Inventory:

Hand Weapons
 a - a +0 war axe (weapon)
 e - a +0 short sword
 f - a +0 dagger
 g - a +0 spear
 k - a +0 club
 m - the +7 rapier "Ygeih" {freeze, rCorr}
   (You found it on level 2 of the Dungeon)

   It freezes those it strikes, dealing additional cold damage.
   It can also slow down cold-blooded creatures.
   rCorr:     It protects you from acid and corrosion.
 s - a +0 rapier
 t - a +0 hand axe
 y - a +0 falchion
 C - a +0 whip
 F - a +0 hunting sling
Missiles
 n - 5 poisoned darts (quivered)
 q - 56 arrows
 v - 151 stones
 w - 16 bolts
Armour
 b - a +0 scale mail
 c - a +0 buckler (worn)
 j - a +0 cloak (worn)
 l - a +0 cloak
 A - a +0 chain mail
 B - the +2 plate armour "Zeozev" (worn) {Rampage Dex+2}
   (You found it on level 4 of the Dungeon)

   Dex:       It affects your dexterity (+2).
   Rampage:   It bestows one free step when moving towards enemies.
Jewellery
 x - a ring of see invisible
Scrolls
 i - a scroll of fear {unknown}
 p - 3 scrolls of identify {unknown}
 r - a scroll of teleportation {unknown}
 D - a scroll of amnesia {unknown}
Potions
 d - 2 potions of might
 u - 4 potions of curing {unknown}
 z - 2 potions of brilliance {unknown}
 E - a potion of heal wounds {unknown}


   Skills:
 + Level 5.0 Fighting
 + Level 1.9 Long Blades
 + Level 9.1(9.3) Axes
 + Level 1.9(5.2) Maces & Flails
 + Level 1.6(2.0) Slings
 + Level 1.5 Bows
 + Level 1.5 Crossbows
 + Level 1.5(2.0) Throwing
 + Level 5.2 Armour
 + Level 1.8 Dodging
 + Level 1.5 Stealth
 + Level 4.9 Shields
 + Level 1.9 Unarmed Combat
 + Level 1.2 Spellcasting
 + Level 1.7 Conjurations
 + Level 1.7 Hexes
 + Level 1.7 Summonings
 + Level 3.3 Necromancy
 + Level 1.3 Translocations
 + Level 1.2 Transmutations
 + Level 3.4 Fire Magic
 + Level 1.5 Ice Magic
 + Level 1.3 Air Magic
 + Level 1.7 Earth Magic
 + Level 1.5 Poison Magic
 + Level 2.3 Invocations
 + Level 1.7 Evocations


You had 8 spell levels left.
You didn't know any spells.
Your spell library was empty.

Dungeon Overview and Level Annotations

Branches:
Dungeon (4/15)
 Temple: D:4-7

Altars:

Shops:
D:1 (*(


Message History

The gnoll hits you from afar with a +0 halberd!
* * * LOW HITPOINT WARNING * * *
It was a potion of experience.
You feel more experienced!
Your Fighting skill increases to level 5!
Your Long Blades skill increases to level 1!
Your Axes skill gained 2 levels and is now at level 9!
Your base Maces & Flails skill increases to level 1!
Your base Slings skill increases to level 1!
Your Bows skill increases to level 1!
Your Crossbows skill increases to level 1!
Your base Throwing skill increases to level 1!
Your Armour skill increases to level 5!
Your Dodging skill increases to level 1!
Your Stealth skill increases to level 1!
Your Unarmed Combat skill increases to level 1!
Your Spellcasting skill increases to level 1!
Your Conjurations skill increases to level 1!
Your Hexes skill increases to level 1!
Your Summonings skill increases to level 1!
Your Necromancy skill gained 3 levels and is now at level 3!
Your Translocations skill increases to level 1!
Your Transmutations skill increases to level 1!
Your Fire Magic skill gained 3 levels and is now at level 3!
Your Ice Magic skill increases to level 1!
Your Air Magic skill increases to level 1!
Your Earth Magic skill increases to level 1!
Your Poison Magic skill increases to level 1!
Your Invocations skill gained 2 levels and is now at level 2!
Your Evocations skill increases to level 1!
You have reached level 7!
The gnoll barely misses you. The gnoll hits you but does no damage.
Okay, then.
Okay, then.
It was a potion of degeneration.
There was something very wrong with that liquid.
You feel weakened.
You feel dopey.
You feel clumsy. The gnoll barely misses you.
The gnoll hits you with a +2 flail of venom!
You die...

##.#.# #..#.#
#....##
#...#.## ##
#..##..# #..
#..###.##
#....
#...###.##
#..... #...#
#..####.......
#...#
##@##........#
#...#
##g........#
#..<#
#g.......#
#..##
##.......#
#..# #......##
##.# ##....##
### #....#
##..########
#..#.......


You could see 2 gnolls.

Vanquished Creatures
  A phantom (D:4)
  A water moccasin skeleton (D:4)
  A howler monkey (D:4)
  Jessica (D:2)
  Natasha (thrice) (D:2)
  A gnoll shaman (D:4)
  An iguana (D:4)
  2 gnolls (D:4)
  2 adders
  2 worms (D:2)
  A dart slug (D:2)
  3 orcs
  3 ball pythons
  4 bats
  8 endoplasms
  6 giant cockroaches
  6 goblins
  3 hobgoblins
  5 jackals
  3 quokkas
  3 frilled lizards
  3 kobolds
  3 rats
66 creatures vanquished.

Notes
Turn   | Place    | Note
-------+----------+-------------------------------------------
     0 | D:1      | Filjor the Hill Orc Fighter began the quest for the Orb.
     0 | D:1      | Reached XP level 1. HP: 19/19 MP: 1/1
    62 | D:1      | Reached XP level 2. HP: 18/27 MP: 2/2
   175 | D:1      | Found Savofireete's Weapon Shop.
   201 | D:1      | Found Ykhlarofo's General Store.
   213 | D:1      | Reached skill level 3 in Axes
   347 | D:1      | Found Sygoanum's Weapon Shop.
   380 | D:1      | Found Etoaryon's Weapon Shop.
   399 | D:2      | Noticed Jessica
   403 | D:2      | Killed Jessica
   404 | D:2      | Reached XP level 3. HP: 31/33 MP: 3/3
   427 | D:2      | Reached XP level 4. HP: 32/40 MP: 4/4
   592 | D:2      | Noticed Natasha
   601 | D:2      | Killed Natasha
   602 | D:2      | Reached skill level 4 in Axes
   633 | D:2      | Noticed Natasha
   641 | D:2      | Killed Natasha
   642 | D:2      | Reached skill level 5 in Axes
   754 | D:2      | Noticed Natasha
   763 | D:2      | Killed Natasha
   764 | D:2      | Reached XP level 5. HP: 26/46 MP: 5/5
   890 | D:2      | Identified the +7 rapier "Ygeih" {freeze, rCorr}
  2284 | D:3      | Found a faded altar of an unknown god.
  2769 | D:4      | Identified the +2 plate armour "Zeozev" {Rampage Dex+2}
  2815 | D:4      | Noticed a phantom
  2834 | D:4      | Reached skill level 6 in Axes
  2834 | D:4      | Reached XP level 6. HP: 32/52 MP: 6/6
  3020 | D:4      | Reached skill level 7 in Axes
  3177 | D:4      | Identified the +1 robe of Uskayaw's Envy {rC+}
  3196 | D:4      | HP: 2/53 [gnoll (7)]
  3197 | D:4      | Reached skill level 5 in Fighting
  3197 | D:4      | Reached skill level 1 in Long Blades
  3197 | D:4      | Reached skill level 9 in Axes
  3197 | D:4      | Reached skill level 1 in Maces & Flails
  3197 | D:4      | Reached skill level 1 in Slings
  3197 | D:4      | Reached skill level 1 in Bows
  3197 | D:4      | Reached skill level 1 in Crossbows
  3197 | D:4      | Reached skill level 1 in Throwing
  3197 | D:4      | Reached skill level 5 in Armour
  3197 | D:4      | Reached skill level 1 in Dodging
  3197 | D:4      | Reached skill level 1 in Stealth
  3197 | D:4      | Reached skill level 1 in Unarmed Combat
  3197 | D:4      | Reached skill level 1 in Spellcasting
  3197 | D:4      | Reached skill level 1 in Conjurations
  3197 | D:4      | Reached skill level 1 in Hexes
  3197 | D:4      | Reached skill level 1 in Summonings
  3197 | D:4      | Reached skill level 1 in Translocations
  3197 | D:4      | Reached skill level 1 in Transmutations
  3197 | D:4      | Reached skill level 1 in Ice Magic
  3197 | D:4      | Reached skill level 1 in Air Magic
  3197 | D:4      | Reached skill level 1 in Earth Magic
  3197 | D:4      | Reached skill level 1 in Poison Magic
  3197 | D:4      | Reached skill level 1 in Evocations
  3197 | D:4      | Reached XP level 7. HP: 2/61 MP: 6/8
  3198 | D:4      | Slain by a gnoll

Illustrated notes

Levels and vault maps discovered:
D:1:      erik_arrival_cave_to_civilisation [erik_arrival_cave_to_temple],
          layout_basic, serial_shops, nicolae_shop_bloodbath_and_beyond,
          nicolae_square_shop, shop, nicolae_shop_statue_plus
D:2:      kennysheep_big_flooded_room, layout_basic, uniq_natasha, uniq_jessica
D:3:      wad_river_or_something, layout_basic,
          hellmonk_ecumenical_altar_inner_sanctum
D:4:      layout_cave_pods, minmay_temple_entry_ruins

Skill      XL: |  1  2  3  4  5  6 |
---------------+-------------------+-----
Axes           | 3 5 6 9 |  9.1
Shields        | 4 |  4.9
Fighting       | 4 5 |  5.0
Armour         | 4 5 |  5.2
Long Blades    | 1 |  1.9
Maces & Flails | 1 |  1.9
Slings         | 1 |  1.6
Bows           | 1 |  1.5
Crossbows      | 1 |  1.5
Throwing       | 1 |  1.5
Dodging        | 1 |  1.8
Stealth        | 1 |  1.5
Unarmed Combat | 1 |  1.9
Spellcasting   | 1 |  1.2
Conjurations   | 1 |  1.7
Hexes          | 1 |  1.7
Summonings     | 1 |  1.7
Necromancy     | 3 |  3.3
Translocations | 1 |  1.3
Transmutations | 1 |  1.2
Fire Magic     | 3 |  3.4
Ice Magic      | 1 |  1.5
Air Magic      | 1 |  1.3
Earth Magic    | 1 |  1.7
Poison Magic   | 1 |  1.5
Invocations    | 2 |  2.3
Evocations     | 1 |  1.7

Action                   |  1- 3 |  4- 6 |  7- 9 || total
-------------------------+-------+-------+-------++-------
Melee: War axe           |    65 |   123 |       ||   188
       Rapier            |       |    13 |       ||    13
  Use: Potion            |       |     1 |     1 ||     2
Armor: Scale mail        |    43 |    35 |       ||    78
       Plate armour      |       |    23 |     1 ||    24
Dodge: Dodged            |    31 |    46 |     2 ||    79
Block: Buckler           |    22 |    31 |       ||    53
